 Dungeon Crawl Stone Soup version 0.20-a0-960-ge493e74 (webtiles) character file.

114 Rrauwl the Bolt Thrower (level 4, -8/55 HPs)
             Began as a Barachi Hunter on Apr 7, 2017.
             Was a Follower of Cheibriados.
             Mangled by an orc priest
             ... wielding a +0 morningstar
              (10 damage)
             ... on level 4 of the Dungeon.
             The game lasted 00:09:17 (2176 turns).

Rrauwl the Bolt Thrower (Barachi Hunter)            Turns: 2176, Time: 00:09:18

Health: -8/55      AC:  6    Str: 19 (21) XL:     4   Next: 98%
Magic:  4/4        EV: 14    Int: 19      God:    Cheibriados [*.....]
Gold:   148        SH:  0    Dex: 15      Spells: 3/3 levels left

rFire    . . .     SeeInvis .   b - staff of earth
rCold    . . .     Gourm    .   (no shield)
rNeg     . . .     Faith    .   c - +0 leather armour
rPois    .         Spirit   .   (no helmet)
rElec    .         Reflect  .   (no cloak)
rCorr    .         Harm     .   q - +2 pair of gloves
MR       .....                  (no boots)
Stlth    ..........             (no amulet)
Regen    0.2/turn               m - +1 ring of evasion
MPRegen  0.1/turn               n - +3 ring of intelligence

@: berserking, can't hop, very slow
A: +LOS, swims, slowness 1, strong legs 1
a: Hop, Bend Time, Renounce Religion


You were on level 4 of the Dungeon.
You worshipped Cheibriados.
Cheibriados was aware of your devotion.
You were not hungry.

You visited 1 branch of the dungeon, and saw 4 of its levels.

You collected 148 gold pieces.

Inventory:

Hand Weapons
 a - a +1 hand crossbow
Missiles
 d - 7 bolts
Armour
 c - a +0 leather armour (worn)
 q - a +2 pair of gloves (worn)
Magical Staves
 b - an uncursed staff of earth (weapon)
Jewellery
 m - a +1 ring of evasion (left hand)
 n - a +3 ring of intelligence (right hand)
Scrolls
 e - 2 scrolls of identify
 i - 3 scrolls of remove curse
 o - a scroll of enchant armour
Potions
 g - 3 potions of curing
Comestibles
 f - 5 bread rations
 h - a meat ration
 j - 4 royal jellies
 p - 2 chunks of flesh
 r - 2 fruits


   Skills:
 + Level 3.8 Fighting
 + Level 0.0 Staves
 + Level 4.5 Crossbows
 + Level 1.7 Armour
 + Level 3.1 Dodging
 - Level 1.0 Stealth
 + Level 1.2 Evocations


You had 3 spell levels left.
You didn't know any spells.

Dungeon Overview and Level Annotations

Branches:
Dungeon (4/15)
 Temple: D:4-7

Altars:
Cheibriados
Nemelex Xobeh
Wu Jian


Innate Abilities, Weirdness & Mutations

Shadows flee at your approach. (+LOS)
You can swim through water.
You cover ground slowly.
You can hop short distances.


Message History

Cheibriados protects you from inadvertent hurry.
You feel mighty!
The orc wizard gestures at you while chanting.
The puff of frost hits you!
* * * LOW HITPOINT WARNING * * *
The orc priest misses you. The orc barely misses you.
The orc wizard closely misses you.
You hit the orc priest!
The orc priest is almost dead.
The orc wizard hits you with a dagger.
* * * LOW HITPOINT WARNING * * *
The orc barely misses you. The orc priest closely misses you.
You closely miss the orc priest.
The orc priest is almost dead.
The orc wizard casts a spell at you. The puff of frost misses you.
The puff of frost hits the orc.
The orc dies!
The orc wizard closely misses you.
The orc priest hits you with a morningstar!
You die...

#..### #....#
# #.##.####.
#.##.#...
###....#.##
...##....#
####
#.##o#..#.....
#(ooo....%#
#@###....##
#o# ##...# #.#
.....# #.#


oo...... #.# .#...... ..# ##.###.. ... # . ..# ...# You could see 2 orc priests,
an orc wizard and 2 orcs.

Vanquished Creatures
  An orc wizard (D:3)
  2 adders (D:2)
  A worm (D:3)
  2 leopard geckos
  4 orcs (D:3)
  3 giant cockroaches
  9 goblins
  7 hobgoblins
  6 jackals (D:2)
  4 kobolds
  3 quokkas
  9 bats
  A frilled lizard (D:3)
  7 rats
  A plant (D:3)
60 creatures vanquished.

Vanquished Creatures (others)
  An orc (D:4)
  A plant (D:3)
2 creatures vanquished.

Grand Total: 62 creatures vanquished

Notes
Turn   | Place    | Note
-------+----------+-------------------------------------------
     0 | D:1      | Rrauwl the Barachi Hunter began the quest for the Orb.
     0 | D:1      | Reached XP level 1. HP: 17/17 MP: 1/1
    17 | D:1      | Reached skill level 1 in Stealth
   128 | D:1      | Reached XP level 2. HP: 23/23 MP: 2/2
   599 | D:2      | Reached XP level 3. HP: 28/29 MP: 3/3
   704 | D:2      | Found an ornate altar of the Wu Jian Council.
   778 | D:2      | Reached skill level 1 in Armour
   778 | D:2      | Reached skill level 1 in Evocations
   898 | D:2      | Reached XP level 4. HP: 35/35 MP: 4/4
  1012 | D:2      | Found a faded altar of an unknown god.
  1019 | D:2      | Became a worshipper of Cheibriados the Contemplative
  1019 | D:2      | Reached * piety under Cheibriados
  1218 | D:3      | Found a sparkling altar of Nemelex Xobeh.
  2175 | D:4      | HP: 2/55 [orc wizard/dagger (1)]
  2176 | D:4      | Mangled by an orc priest

Vault maps used:
D:1:      dpeg_arrival_simpleton_b
D:2:      overflow_temple_1_default, chequers_ecumenical_altar_simple
D:3:      wad_woods_pond, first_bread, nemelex_spade_bored_becter
D:4:      gup_sewer_entry_glass, kennysheep_generic_room_15, uniq_pikel,
          uniq_sigmund, uniq_natasha

Skill      XL: |  1  2  3  4 |
---------------+-------------+-----
Stealth        | 1 |  1.0
Fighting       | 3 |  3.8
Armour         | 1 |  1.7
Evocations     | 1 |  1.2
Dodging        | 3 |  3.1
Crossbows      | |  4.5

Action                   |  1- 3 |  4- 6 || total
-------------------------+-------+-------++-------
Melee: Staff             |       |   122 ||   122
       Short sword       |       |     8 ||     8
 Fire: Hand crossbow     |    74 |    26 ||   100
 Abil: Hop               |       |     1 ||     1
  Use: Scroll            |     3 |     5 ||     8
       Potion            |     2 |     2 ||     4
 Stab: Sleeping          |       |     1 ||     1
  Eat: Chunk             |       |     3 ||     3
Armor: Leather armour    |    10 |    29 ||    39
Dodge: Dodged            |    21 |    82 ||   103
